 Seeded DCSS version 0.30-a0-34-gbe8da3892a (webtiles) character file.

Game seed: 7243117139357840623 (custom seed)

2 flotson the Sneak (level 1, 0/18 HPs)
             Began as a Demonspawn Delver on Aug 27, 2022.
             Killed from afar by a goblin (8 damage)
             ... with a puff of flame
             ... on level 3 of the Dungeon.
             The game lasted 00:00:35 (129 turns).

flotson the Sneak (Demonspawn Delver)                Turns: 129, Time: 00:00:35

Health: 0/18       AC:  3    Str: 12    XL:     1   Next: 25%
Magic:  1/1        EV: 11    Int: 11    God:
Gold:   12         SH:  0    Dex: 14    Spells: 0/0 levels left

rFire   . . .      SeeInvis .    a - +0 hand axe
rCold   . . .      Faith    .    (no shield)
rNeg    . . .      Spirit   .    b - +0 leather armour
rPois   .          Reflect  .    (no helmet)
rElec   .          Harm     .    (no cloak)
rCorr   .          Rampage  .    (no gloves)
Will    .....                    (no boots)
Stlth   ++........               (no amulet)
HPRegen 0.06/turn                (no ring)
MPRegen 0.07/turn                (no ring)

@: no status effects
A: no striking features
a: no special abilities


You were on level 3 of the Dungeon.
You visited 1 branch of the dungeon, and saw 3 of its levels.

You collected 12 gold pieces.

Inventory:

Hand Weapons
 a - a +0 hand axe (weapon)
Missiles
 h - a poisoned dart (quivered)
Armour
 b - a +0 leather armour (worn)
Wands
 g - a wand of digging (3)
Scrolls
 c - a scroll of fog
 d - a scroll of magic mapping
 e - a scroll of fear
Potions
 f - a potion of haste


   Skills:
 + Level 3.0 Fighting
 + Level 1.8 Axes
 + Level 0.0 Throwing
 + Level 0.1 Armour
 + Level 1.8 Dodging
 - Level 4.5 Stealth
 + Level 0.0 Evocations


You couldn't memorise any spells.
You didn't know any spells.
Your spell library was empty.

Dungeon Overview and Level Annotations

Branches:
Dungeon (5/15)
 Temple: D:4-7

Altars:

Shops:
D:3 (


Message History

* * * LOW HITPOINT WARNING * * *
The endoplasm attacks as you move away! The endoplasm hits you.
* * * LOW HITPOINT WARNING * * *
The iguana barely misses you. The goblin attacks as you move away!
The goblin closely misses you.
There is a stone staircase leading up here.
The goblin hits you but does no damage.
You climb upwards.
Found Ijympa Pie's Antique Weapon Emporium.
There is a stone staircase leading down here.
You closely miss the goblin.
The goblin is severely wounded.
The goblin barely misses you.
You hit the goblin.
You kill the goblin!
Things that are here:
a +0 dagger; a goblin corpse You start resting.
A frilled lizard comes into view.
You start resting.
A frilled lizard is nearby!
Throw: 3 darts (poison)
Press: ? - help, Q - select action Shift-Dir - straight line, f - frilled lizard
Aim: a frilled lizard (40% to hit)
You throw a poisoned dart.
The poisoned dart barely misses the frilled lizard.
You barely miss the frilled lizard.
The frilled lizard bites you but does no damage.
You hit the frilled lizard.
You kill the frilled lizard!
A goblin comes into view.
It is wielding a +0 club and carrying a wand of flame (19).
Throw: 2 darts (poison)
Press: ? - help, Q - select action Shift-Dir - straight line, f - goblin
Aim: a goblin, wielding a +0 club, quivering stones and carrying a wand of flame (19) (wandering, hasn't noticed you, 51% to hit)
You throw a poisoned dart.
The poisoned dart closely misses the goblin.
The goblin shouts!
The goblin zaps a wand.
The puff of flame misses you.
The goblin zaps a wand.
The puff of flame hits you!
You die...

#.......## ##
#......... ..#
#...#.#..#
...#....∩...#
##.#...#.#..#
..g........#
#######.......##
.......@#>.....#
........†).....#
################


You could see a goblin.

Vanquished Creatures
  A goblin (D:3)
  A frilled lizard (D:3)
2 creatures vanquished.

Notes
Turn   | Place    | Note
-------+----------+-------------------------------------------
     0 | D:5      | flotson the Demonspawn Delver began the quest for the Orb.
     0 | D:5      | Reached XP level 1. HP: 18/18 MP: 1/1
    30 | D:5      | Noticed an iguana
    31 | D:5      | Noticed a hound
    49 | D:4      | Noticed an iguana
    63 | D:3      | Found Ijympa Pie's Antique Weapon Emporium.
   129 | D:3      | Killed from afar by a goblin

Illustrated notes

Levels and vault maps discovered:
D:3:      layout_basic, grunt_temple_overflow_open, serial_shops,
          nicolae_shop_crystal, nicolae_shop_hallway_plus, shop,
          kennysheep_generic_room_7
D:4:      layout_cave_pools, minmay_temple_entry_junction_2, minivault_5,
          corexii_leaking_fountain, corner_web_ring, dreamdust_mushroom_princess
D:5:      layout_cave_pods, gammafunk_ghost_split, doesnt_shop_hydraphobe,
          uniq_menkaure

Action                   || total
-------------------------++-------
Melee: Hand axe          ||     9
Throw: Dart              ||     2
Armor: Leather armour    ||     2
Dodge: Dodged            ||     7

Table legend: (Time is in decaauts)
 A = Elapsed time spent in this place.
 B = Non-inter-level travel time spent in this place.
 C = Inter-level travel time spent in this place.
 D = Time resting spent in this place.
 E = Time spent auto-exploring this place.
 F = Levels seen in this place.
 G = Mean time per level.
                   A        B        C        D        E       F      G
               +--------+--------+--------+--------+--------+-----+--------+
         Total |    130 |    130 |      0 |     40 |     33 |   3 |   43.3 |
       Dungeon |    130 |    130 |      0 |     40 |     33 |   3 |   43.3 |
               +--------+--------+--------+--------+--------+-----+--------+

Top non-repeatable levels by time:
     D:3: 66 daAuts
     D:5: 34 daAuts
     D:4: 29 daAuts
